 Dungeon Crawl Stone Soup version 0.28.0 (webtiles) character file.

Game seed: 3183849042407873962

215 Ayyar the Covered (level 5, -1/46 HPs)
             Began as a Demigod Fighter on Apr 14, 2022.
             Slain by a worm (9 damage)
             ... on level 3 of the Dungeon.
             The game lasted 00:06:20 (2870 turns).

Ayyar the Covered (Demigod Fighter)                 Turns: 2870, Time: 00:06:20

Health: -1/46      AC:  7    Str: 21    XL:     5   Next: 34%
Magic:  7/7        EV:  9    Int: 10    God:
Gold:   128        SH:  5    Dex: 13    Spells: 4/4 levels left

rFire   . . .      SeeInvis .   a - +0 war axe
rCold   . . .      Faith    .   c - +0 buckler
rNeg    . . .      Spirit   .   b - +0 scale mail
rPois   .          Reflect  .   (no helmet)
rElec   .          Harm     .   (no cloak)
rCorr   .          Rampage  .   (no gloves)
Will    +....                   (no boots)
Stlth   ..........              (no amulet)
HPRegen 0.15/turn               e - ring of willpower
MPRegen 0.10/turn               (no ring)

@: no status effects
A: high MP 1, forlorn, divine attributes
a: no special abilities


You were on level 3 of the Dungeon.
You visited 1 branch of the dungeon, and saw 3 of its levels.

You collected 128 gold pieces.

Inventory:

Hand Weapons
 a - a +0 war axe (weapon)
 h - a +0 dagger
Missiles
 l - 4 atropa-tipped darts (quivered)
 m - 4 javelins
Armour
 b - a +0 scale mail (worn)
 c - a +0 buckler (worn)
Jewellery
 e - a ring of willpower (left hand)
Scrolls
 i - a scroll of fear {unknown}
 o - a scroll of identify {unknown}
 p - a scroll of teleportation {unknown}
 q - a scroll of amnesia {unknown}
Potions
 d - a potion of might
 f - a potion of curing {unknown}
 g - 2 potions of haste {unknown}
 j - a potion of brilliance {unknown}
 k - a potion of flight {unknown}
 n - a potion of heal wounds {unknown}


   Skills:
 + Level 3.6 Fighting
 + Level 3.1 Axes
 + Level 3.7 Armour
 + Level 3.6 Shields


You had 4 spell levels left.
You didn't know any spells.
Your spell library was empty.

Dungeon Overview and Level Annotations

Branches:
Dungeon (3/15)


Innate Abilities, Weirdness & Mutations

You have an increased reservoir of magic. (+10% MP)
You shall have no god before yourself.
Your divine heritage dramatically boosts your attributes as you level up.


Message History

You barely miss the bat. The bat barely misses you.
The bat hits you but does no damage.
You barely miss the bat. The bat closely misses you. The bat hits you.
You closely miss the bat. The bat barely misses you.
The bat hits you but does no damage. The bat hits you.
You barely miss the bat. The bat hits you but does no damage. The bat hits you.
You hit the bat.
You kill the bat!
You closely miss the orc. The orc closely misses you. x2
You hit the orc.
The orc is lightly wounded.
You block the orc's attack.
You hit the orc.
The orc is heavily wounded.
The orc hits you with a +0 hand axe.
You closely miss the orc.
The orc is heavily wounded.
The orc hits you but does no damage. The orc hits you with a +0 hand axe.
You slash the orc!
You kill the orc!
You slash the orc!
You kill the orc!
The worm bites you.
Items here: )) [ ††.
You slash the worm!
The worm is heavily wounded.
You block the worm's attack.
You barely miss the worm.
The worm is heavily wounded.
The worm bites you but does no damage.
You barely miss the worm.
The worm is heavily wounded.
The worm bites you!
* * * LOW HITPOINT WARNING * * *
You hit the worm.
The worm is severely wounded.
You barely miss the worm.
The worm is severely wounded.
The worm bites you!
You die...

#........>#
#.....#####
#.....# #
#.....#
#.###.#.#.#
#.....#.#.#
#....o#.#.#
#.###w#.#..
# #@#.###
#<#.# ###.#


You could see a worm and an orc.

Vanquished Creatures
  A hound (D:3)
  An orc priest (D:3)
  Jessica (D:2)
  4 gnolls
  An adder (D:3)
  A worm (D:2)
  5 orcs
  4 ball pythons
  6 endoplasms
  4 giant cockroaches
  7 goblins
  7 hobgoblins
  8 jackals
  A quokka (D:1)
  9 bats
  3 frilled lizards
  2 kobolds
  7 rats
72 creatures vanquished.

Notes
Turn   | Place    | Note
-------+----------+-------------------------------------------
     0 | D:1      | Ayyar the Demigod Fighter began the quest for the Orb.
     0 | D:1      | Reached XP level 1. HP: 18/18 MP: 3/3
   500 | D:1      | Reached XP level 2. HP: 25/25 MP: 4/4
  1005 | D:1      | Reached XP level 3. HP: 30/31 MP: 5/5
  2431 | D:2      | Reached XP level 4. HP: 38/38 MP: 6/6
  2727 | D:2      | Noticed Jessica
  2730 | D:2      | Killed Jessica
  2833 | D:3      | Reached XP level 5. HP: 24/45 MP: 7/7
  2870 | D:3      | Slain by a worm

Illustrated notes

Levels and vault maps discovered:
D:1:      dpeg_arrival_refuge, layout_loops_corners, minmay_split_cup_large
D:2:      layout_rooms, ebering_ecumenical_altar_mist, guppyfry_early_orc_mine,
          uniq_jessica
D:3:      layout_basic, gammafunk_ghost_mausoleum, uniq_terence

Skill      XL: |  1  2  3  4 |
---------------+-------------+-----
Axes           | 2 3 |  3.1
Fighting       | 3 |  3.6
Armour         | 3 |  3.7
Shields        | 3 |  3.6

Action                   |  1- 3 |  4- 6 || total
-------------------------+-------+-------++-------
Melee: War axe           |   145 |    52 ||   197
Throw: Dart              |     1 |       ||     1
Armor: Scale mail        |    89 |    23 ||   112
Dodge: Dodged            |    85 |    27 ||   112
Block: Buckler           |    44 |    28 ||    72
